 Dungeon Crawl Stone Soup version 0.29-a0-303-ge4682ce883 (webtiles) character file.

Game seed: 17661012923688180939

117 kae the Firebug (level 5, -1/29 HPs)
             Began as a Tengu Fire Elementalist on Mar 25, 2022.
             Slain by a sky beast (6 damage)
             ... on level 3 of the Dungeon.
             The game lasted 00:01:11 (2546 turns).

kae the Firebug (Tengu Fire Elementalist)           Turns: 2546, Time: 00:01:11

Health: -1/29      AC:  4    Str:  9    XL:     5   Next: 1%
Magic:  5/9        EV: 15    Int: 17    God:
Gold:   59         SH:  0    Dex: 14    Spells: 2/8 levels left

rFire   . . .      SeeInvis .   (no weapon)
rCold   . . .      Faith    .   (no shield)
rNeg    . . .      Spirit   .   a - +0 robe
rPois   .          Reflect  .   e - +2 hat
rElec   .          Harm     .   (no cloak)
rCorr   .          Rampage  .   (no gloves)
Will    .....                   (boots unavailable)
Stlth   ++........              (no amulet)
HPRegen 0.09/turn               (no ring)
MPRegen 0.11/turn               (no ring)

@: flying quickly and evasively, very slightly contaminated, quick
A: beak, talons 3, nimble flight
a: no special abilities


You were on level 3 of the Dungeon.
You visited 1 branch of the dungeon, and saw 3 of its levels.

You collected 59 gold pieces.

Inventory:

Armour
 a - a +0 robe (worn)
 e - a +2 hat (worn)
Scrolls
 d - 2 scrolls of blinking
 g - a scroll of enchant weapon
Potions
 b - 2 potions of magic
 c - a potion of degeneration {unknown}


   Skills:
 + Level 1.5 Fighting
 + Level 2.9 Dodging
 - Level 2.0 Stealth
 + Level 2.4 Spellcasting
 + Level 2.7 Conjurations
 * Level 4.5 Fire Magic


You had 2 spell levels left.
You knew the following spells:

 Your Spells              Type           Power      Damage    Failure   Level
a - Foxfire               Conj/Fire      56%        2x1d6     4%          1
b - Scorch                Fire           34%        2d6       4%          2
c - Conjure Flame         Conj/Fire      14%        6-21      12%         3

Your spell library contained the following spells:

 Spells                   Type           Power      Damage    Failure   Level
 Summon Small Mammal      Summ           8%         N/A       19%         1
 Inner Flame              Hex/Fire       9%         N/A       22%         3
 Flame Wave               Conj/Fire      14%        2d6       38%         4
 Call Canine Familiar     Summ           2%         N/A       50%         3
 Summon Guardian Golem    Hex/Summ       2%         N/A       50%         3


Dungeon Overview and Level Annotations

Branches:
Dungeon (3/15)

Altars:


Innate Abilities, Weirdness & Mutations

You have a beak for a mouth.
You have claws for feet.
Your magical nature lets you fly swiftly and evasively.


Message History

The foxfire hits the hobgoblin.
The hobgoblin is almost dead.
Casting: Foxfire (safe; 4% risk of failure)
Confirm with . or Enter, or press ? or * to list all spells.
Flames lash the hobgoblin.
You kill the hobgoblin!
You hear the rusting of a very distant drain.
You reach down and open the door.
There is an open door here.
You hear the brisk rusting of a very distant drain.
c - a murky golden potion A sky beast comes into view.
A sky beast is nearby!
Found 17 stones.
Casting: Scorch (safe; 4% risk of failure)
Confirm with . or Enter, or press ? or * to list all spells.
You conjure some foxfire!
The sky beast flickers out of sight!
Deactivating autopickup; reactivate with Ctrl-A.
The foxfire hits something.
Your foxfire dissipates!
Casting: Foxfire (safe; 4% risk of failure)
Confirm with . or Enter, or press ? or * to list all spells.
You conjure some foxfire!
The foxfire hits something but does no damage. x2
Casting: Foxfire (safe; 4% risk of failure)
Confirm with . or Enter, or press ? or * to list all spells.
You miscast Foxfire.
You are very lightly contaminated with residual magic.
Nothing appears to happen.
Casting: Foxfire (safe; 4% risk of failure)
Confirm with . or Enter, or press ? or * to list all spells.
You conjure some foxfire!
Something hits you. Something shocks you.
The foxfire hits something. x2; Something hits you.
Something shocks you.
Casting: Foxfire (safe; 4% risk of failure)
Confirm with . or Enter, or press ? or * to list all spells.
You conjure some foxfire!
Something hits you. Something shocks you.
The foxfire hits something. x2; Something hits you.
* * * LOW HITPOINT WARNING * * *
Something shocks you.
You die...

###### #....# #.##.#
######### #.##.#
#.......# #.##..
#.#####.# #.##.. #.#
#.#####.##..
.######ยง#####.......###.
......$@....######### ##
.####.#.###.# #.#.# # #.#
#.# #.# #.# ... .(.


There were no monsters in sight!

Vanquished Creatures
  A hound (D:2)
  An iguana (D:3)
  2 adders
  A worm (D:2)
  3 dart slugs (D:1)
  6 endoplasms
  A giant cockroach (D:1)
  3 goblins
  5 hobgoblins
  A quokka (D:1)
  5 ball pythons
  2 bats
  2 frilled lizards (D:1)
  A kobold (D:3)
  4 rats
38 creatures vanquished.

Vanquished Creatures (others)
  168 foxfires
168 creatures vanquished.

Grand Total: 206 creatures vanquished

Notes
Turn   | Place    | Note
-------+----------+-------------------------------------------
     0 | D:1      | kae the Tengu Fire Elementalist began the quest for the
                  | Orb.
     0 | D:1      | Reached XP level 1. HP: 10/10 MP: 4/4
   486 | D:1      | Reached XP level 2. HP: 16/16 MP: 3/6
   841 | D:1      | Found a faded altar of an unknown god.
  1023 | D:1      | Reached XP level 3. HP: 20/20 MP: 4/7
  1274 | D:2      | Reached skill level 1 in Fighting
  1954 | D:2      | Reached skill level 4 in Fire Magic
  2127 | D:2      | Reached XP level 4. HP: 11/25 MP: 4/8
  2309 | D:3      | Learned a level 2 spell: Scorch
  2313 | D:3      | Learned a level 3 spell: Conjure Flame
  2343 | D:3      | Gained mutation: Your magical nature lets you fly swiftly
                  | and evasively. [Tengu growth]
  2343 | D:3      | Reached XP level 5. HP: 29/29 MP: 0/9
  2535 | D:3      | Noticed a sky beast
  2546 | D:3      | Slain by a sky beast

Illustrated notes

Levels and vault maps discovered:
D:1:      matt_arrival_diagonals, layout_basic,
          dreamdust_ecumenical_altar_angels_and_demons
D:2:      layout_rooms, lemuel_old_faithful
D:3:      layout_basic, gup_sewer_entry_pipe, uniq_terence, uniq_ijyb

Skill      XL: |  1  2  3 |
---------------+----------+-----
Conjurations   | 2 |  2.7
Fighting       | 1 |  1.5
Fire Magic     | 4 |  4.5
Dodging        | |  2.9
Stealth        | |  2.0
Spellcasting   | |  2.4

Action                   |  1- 3 |  4- 6 || total
-------------------------+-------+-------++-------
Melee: Unarmed           |    11 |     2 ||    13
       Kick              |     6 |       ||     6
       Peck              |     4 |     1 ||     5
 Cast: Foxfire           |    89 |    12 ||   101
       Scorch            |       |     2 ||     2
  Use: Scroll            |     4 |       ||     4
Armor: Robe              |     1 |     1 ||     2
Dodge: Dodged            |    23 |     3 ||    26

Table legend: (Time is in decaauts)
 A = Elapsed time spent in this place.
 B = Non-inter-level travel time spent in this place.
 C = Inter-level travel time spent in this place.
 D = Time resting spent in this place.
 E = Time spent auto-exploring this place.
 F = Levels seen in this place.
 G = Mean time per level.
                   A        B        C        D        E       F      G
               +--------+--------+--------+--------+--------+-----+--------+
         Total |   2537 |   2516 |     21 |      0 |   2187 |   3 |  845.7 |
       Dungeon |   2537 |   2516 |     21 |      0 |   2187 |   3 |  845.7 |
               +--------+--------+--------+--------+--------+-----+--------+

Top non-repeatable levels by time:
     D:1: 1247 daAuts
     D:2: 1042 daAuts
     D:3: 248 daAuts
